 Dungeon Crawl Stone Soup version 0.29.1-13-g9f3cf754e1 (webtiles) character file.

Game seed: 4117723039193441006

1245 hawla the Carver (level 9, -2/58 (62) HPs)
             Began as a Meteoran Ice Elementalist on Jan 22, 2023.
             Was an Initiate of Vehumet.
             Succumbed to Psyche's poison
             ... on level 8 of the Dungeon.
             The game lasted 00:12:27 (2897 turns).

hawla the Carver (Meteoran Ice Elementalist)        Turns: 2897, Time: 00:12:28

HP:   -2/58 (62)    AC: 12    Str:  8 (10) XL:     9   Next: 7%
MP:   13/14         EV: 25    Int: 20      God:    Vehumet [......]
Gold: 149           SH:  0    Dex: 16      Spells: 6/14 levels left

rFire   . . .      SeeInvis .   (weapon currently unavailable)
rCold   . . .      Faith    .   (shield currently unavailable)
rNeg    + + +      Spirit   .   (body armour currently unavailable)
rPois   +          Reflect  .   (helmet currently unavailable)
rElec   .          Harm     .   (cloak currently unavailable)
rCorr   .          Rampage  .   (gloves currently unavailable)
Will    +....                   (boots currently unavailable)
Stlth   +.........              o - amulet of the acrobat
HPRegen 0.19/turn               m - ring of wizardry
MPRegen 0.14/turn               (no ring)

@: mighty, brilliant, agile, lethally poisoned (-2 -> -21), fungus-form, flying,
glowing, drained
A: melee confuse, terrified, no casting, tiny, sense surroundings 2,
otherworldly, glowing, explore regen, (beak), no potion heal 1
a: Renounce Religion


You were on level 8 of the Dungeon.
You worshipped Vehumet.
Vehumet was noncommittal.
You were a sentient fungus.
You visited 2 branches of the dungeon, and saw 9 of its levels.
You also visited: Sewer.

You collected 150 gold pieces.
You spent 1 gold pieces at shops.

Inventory:

Hand Weapons
 g - a -3 triple sword of electrocution (melded)
Armour
 a - a +0 robe (melded)
 f - a +1 cloak (melded)
 q - a +1 pair of gloves (melded)
Jewellery
 m - a ring of wizardry (left hypha)
 o - an amulet of the acrobat (around neck)
Wands
 b - a wand of polymorph (6)
 c - a wand of mindburst (15) (quivered)
Scrolls
 j - a scroll of fear
 l - a scroll of silence {unknown}
Potions
 e - a potion of attraction


   Skills:
 + Level 9.2 Long Blades
 - Level 2.7 Dodging
 - Level 1.4 Stealth
 - Level 3.1 Spellcasting
 + Level 6.0 Conjurations
 - Level 5.4 Ice Magic


You had 6 spell levels left.
You knew the following spells:

 Your Spells              Type           Power      Damage    Failure   Level
a - Freeze                Ice            100%       1d11      1%          1
b - Frozen Ramparts       Ice            74%        1d12      1%          3
c - Hailstorm             Conj/Ice       39%        3d9       5%          4

Your spell library contained the following spells:

 Spells                   Type           Power      Damage    Failure   Level
 Ozocubu's Armour         Ice            37%        N/A       1%          3
 Confusing Touch          Hex            4%         N/A       16%         3
 Leda's Liquefaction      Hex/Erth       2%         N/A       45%         4
 Lee's Rapid Deconstruct  Erth           2%         3d5*      80%         5
 Yara's Violent Unravell  Hex/Tmut       2%         3d3       80%         5
 Statue Form              Tmut/Erth      2%         N/A       100%        6
 Enfeeble                 Hex            2%         N/A       100%        7


Dungeon Overview and Level Annotations

Branches:
Dungeon (8/15) Zot: 2229   Temple (1/1) D:6 Zot: 423   Sewer (visited)
   Lair: D:8-11

Altars:
Ashenzari
Cheibriados
Dithmenos
Elyvilon
Fedhas
Hepliaklqana
Kikubaaqudgha
Makhleb
Nemelex Xobeh
Okawaru
Qazlal
Sif Muna
Trog
Vehumet
Wu Jian
Xom
Yredelemnul
Zin

Shops:
D:4 *   D:5 [**(*

Annotations:
D:5 2 transporters, Dvallin's ghost, weakling KoDe
D:8 Psyche


Innate Abilities, Weirdness & Mutations

You are a sentient fungus.
You are tiny and evasive.
Your melee attack releases spores that confuse breathing creatures.
You become terrified and freeze when enemies are visible.
Your armour is entirely melded.
You are incapable of wielding weapons or throwing items.
You cannot cast spells.
You passively map the area around you.
You are easily found by Zot.
You glow in the dark.
You regain HP and MP as you explore.
((You have a beak for a mouth.))
Potions are less effective at restoring your health.


Message History

Something hits you but does no damage.
You are more poisoned.
You have turned to stone.
Something hits you! Something hits you.
You feel mightier all of a sudden. Something hits you! Space warps around you!
* * * LOW HITPOINT WARNING * * *
You flicker for a moment.
Something hits you but does no damage.
You feel less confused. Something hits you!
* * * LOW HITPOINT WARNING * * *
Something hits you but does no damage.
Something tries to affect you, but you resist.
Something hits you!
* * * LOW HITPOINT WARNING * * *
Something burns you.
* * * LOW HITPOINT WARNING * * *
Something hits you.
* * * LOW HITPOINT WARNING * * *
Something freezes you.
You hear some strange, mumbled words.
You turn into a sentient fungus.
Your -3 triple sword of electrocution melds into your body.
Your +1 cloak melds into your body.
Your +1 pair of gloves melds into your body.
Your +0 robe melds into your body.
Your -3 triple sword of electrocution stops crackling.
Something hits you.
* * * LOW HITPOINT WARNING * * *
You feel your power leaking away.
You flicker back into view.
You hear some strange, mumbled words.
A swirling arc of seething chaos appears!
An arc of chaos appears from out of thin air!
The arc of chaos hits you.
* * * LOW HITPOINT WARNING * * *
You turn to flesh and can move again.
You completely miss something.
You die...

#.............# *
#.............#
#.............# ,
#.............# ,
#.............####
##'#######'##...<#,
#..........#....#
#..........#....# ,
#.f##..#####....# ,
#.{##..#, .<.>..#
#.....,+ ........
#..## *..........
#..# ....####...
#..# ,, ,, , #..# ,
* * #..# , , ** * ,
, * , ,


There were no monsters in sight!

Vanquished Creatures
  Sigmund (D:5)
  A water moccasin (D:6)
  Pargi (Sewer)
  A black bear (D:4)
  A phantom (D:6)
  A kobold brigand (D:6)
  A bullfrog (D:5)
  A necrophage (D:5)
  2 scorpions (D:5)
  4 hounds
  A jelly (D:6)
  2 orc priests
  Jessica (D:2)
  Ijyb (D:5)
  An iguana (D:6)
  4 adders
  A white imp (D:6)
  An ufetubus (D:6)
  A worm (D:4)
  11 orcs
  7 ball pythons
  2 endoplasms (D:4)
  4 giant cockroaches
  10 jackals
  7 kobolds
  A quokka (D:4)
  6 frilled lizards
  3 goblins
  A rat (D:2)
79 creatures vanquished.

Notes
Turn   | Place    | Note
-------+----------+-------------------------------------------
     0 | D:1      | hawla the Meteoran Ice Elementalist began the quest for the
                  | Orb.
     0 | D:1      | Reached XP level 1. HP: 14/14 MP: 5/5
    72 | D:2      | Noticed Jessica
    77 | D:2      | Killed Jessica
    78 | D:2      | Reached skill level 5 in Ice Magic
    78 | D:2      | Reached XP level 2. HP: 17/20 MP: 1/7
    78 | D:2      | Reached XP level 3. HP: 22/26 MP: 1/8
    83 | D:2      | Learned a level 3 spell: Frozen Ramparts
   268 | D:3      | Reached XP level 4. HP: 26/33 MP: 4/9
   273 | D:3      | Learned a level 4 spell: Hailstorm
   423 | D:4      | Reached XP level 5. HP: 38/38 MP: 5/10
   529 | D:4      | Noticed a black bear
   538 | D:4      | Killed a black bear
   539 | D:4      | Reached XP level 6. HP: 40/45 MP: 4/11
   558 | D:4      | Reached skill level 5 in Conjurations
   630 | D:4      | Found Qud Ciud's Lightly-Used Armoury.
   651 | D:4      | Bought a -3 triple sword for 1 gold piece
   692 | D:4      | Identified the +9 trident of Armageddon {vorpal, +Blink
                  | rElec rF- rN+++}
   703 | D:4      | Reached skill level 1 in Long Blades
   838 | D:4      | Reached skill level 2 in Long Blades
  1490 | D:5      | Entered Level 5 of the Dungeon
  1490 | D:5      | Found Adagic's Armour Shoppe.
  1491 | D:5      | Noticed Sigmund
  1546 | D:5      | Found a glowing silver altar of Zin.
  1546 | D:5      | Found a broken altar of Ashenzari.
  1551 | D:5      | Reached XP level 7. HP: 30/50 MP: 1/12
  1561 | D:5      | Noticed Ijyb
  1572 | D:5      | Reached skill level 3 in Long Blades
  1572 | D:5      | Killed Ijyb
  1594 | D:5      | Killed Sigmund
  1595 | D:5      | Reached skill level 5 in Long Blades
  1606 | D:5      | Found a glowing drain.
  1638 | Sewer    | Entered a sewer
  1680 | Sewer    | Noticed Pargi
  1683 | Sewer    | Killed Pargi
  1684 | Sewer    | Reached skill level 6 in Long Blades
  1684 | Sewer    | Reached XP level 8. HP: 56/57 MP: 0/13
  1864 | D:5      | Found a transporter.
  1864 | D:5      | Noticed Dvallin's ghost (weakling KoDe)
  1916 | D:5      | Found a transporter.
  1931 | D:5      | Found Abriq's Assorted Antiques.
  1941 | D:5      | Found Elyc's Weapon Emporium.
  1961 | D:5      | Reached skill level 7 in Long Blades
  2043 | D:5      | Found Ikhon's Assorted Antiques.
  2216 | D:5      | Found Wuxkat's Assorted Antiques.
  2426 | D:6      | Reached skill level 8 in Long Blades
  2481 | D:6      | Gained mutation: You passively map the area around you.
                  | [Meteoran growth]
  2481 | D:6      | Reached XP level 9. HP: 40/62 MP: 14/14
  2592 | D:6      | Found a staircase to the Ecumenical Temple.
  2597 | D:6      | Reached skill level 9 in Long Blades
  2629 | Temple   | Entered the Ecumenical Temple
  2787 | Temple   | Became a worshipper of Vehumet
  2872 | D:8      | Noticed Psyche
  2880 | D:8      | Gained mutation: You have a beak for a mouth. [potion of
                  | mutation]
  2880 | D:8      | Gained mutation: Potions are less effective at restoring
                  | your health. [potion of mutation]
  2896 | D:8      | HP: 2/58 [something/chain of chaos (2)]
  2897 | D:8      | Succumbed to Psyche's poison

Illustrated notes

Levels and vault maps discovered:
D:1:      minmay_arrival_up_and_down, layout_loops_ring,
          hellmonk_ecumenical_altar_inner_sanctum
D:2:      layout_basic, minmay_tripent, uniq_jessica
D:3:      layout_basic, mainiacjoe_overflow_alcove_1
D:4:      layout_layer_cave, minmay_shop_damaged, kennysheep_generic_room_10
D:5:      layout_loops_ring, nicolae_overflow_squiral,
          gammafunk_ghost_mausoleum, portal_sewer_entry_b, serial_shops,
          nicolae_take_the_stairs, kennysheep_mini, shop,
          nicolae_shop_behind_doors, nicolae_stop_n_shop_2, uniq_sigmund,
          uniq_ijyb
D:6:      layout_loops_ring, minmay_temple_entry_slanted,
          kennysheep_generic_room_3
D:7:      layout_loops_ring
D:8:      layout_gridville, mainiacjoe_overflow_boulevard, kb_rosetta,
          uniq_maggie, uniq_prince_ribbit1, uniq_psyche
Temple:   eino_temple_scatter_basement

Skill      XL: |  1  2  3  4  5  6  7  8  9 |
---------------+----------------------------+-----
Spellcasting   | 3 |  3.1
Ice Magic      | 5 |  5.4
Conjurations   | 2 4 5 6 |  6.0
Long Blades    | 2 6 8 9 |  9.2
Dodging        | |  2.7
Stealth        | |  1.4

Action                   |  1- 3 |  4- 6 |  7- 9 || total
-------------------------+-------+-------+-------++-------
Melee: Unarmed           |     1 |       |     1 ||     2
       Triple sword      |       |    14 |    64 ||    78
 Cast: Freeze            |     6 |    29 |    23 ||    58
       Frozen Ramparts   |     3 |    10 |    14 ||    27
       Hailstorm         |       |     2 |    10 ||    12
  Use: Scroll            |     4 |     6 |     1 ||    11
       Potion            |       |       |    10 ||    10
Armor: Robe              |       |     9 |    33 ||    42
       Skin              |       |       |     2 ||     2
Dodge: Dodged            |     5 |    30 |    68 ||   103
